 Dungeon Crawl Stone Soup version 0.20.1-1-g8b1a95d (webtiles) character file.

53 FollowTheCloud the Cudgeler (level 3, 0/28 HPs)
             Began as a Demonspawn Gladiator on Sept 10, 2017.
             Succumbed to an adder's poison
             ... on level 2 of the Dungeon.
             The game lasted 00:02:48 (1870 turns).

FollowTheCloud the Cudgeler (Demonspawn Gladiator)  Turns: 1870, Time: 00:02:48

Health: 0/28       AC:  5    Str: 15    XL:     3   Next: 62%
Magic:  3/3        EV: 12    Int:  9    God:
Gold:   143        SH:  0    Dex: 14    Spells: 2/2 levels left

rFire    . . .     SeeInvis .   a - +0 flail
rCold    . . .     Gourm    .   (no shield)
rNeg     . . .     Faith    .   b - +0 leather armour
rPois    .         Spirit   .   (helmet restricted)
rElec    .         Reflect  .   (no cloak)
rCorr    .         Harm     .   (no gloves)
MR       .....                  (no boots)
Stlth    +.........             (no amulet)
Regen    0.1/turn               (no ring)
MPRegen  0.1/turn               (no ring)

@: lethally poisoned (0 -> -10)
A: antennae 1, iridescent scales 1
a: no special abilities


You were on level 2 of the Dungeon.
You were not hungry.

You visited 1 branch of the dungeon, and saw 2 of its levels.

You collected 143 gold pieces.

Inventory:

Hand Weapons
 a - a +0 flail (weapon)
Missiles
 d - 3 throwing nets (quivered)
Armour
 b - a +0 leather armour (worn)
 c - a +0 helmet
Scrolls
 g - a scroll of fear {unknown}
 i - 2 scrolls of blinking {unknown}
 k - 2 scrolls of teleportation {unknown}
 n - a scroll of recharging {unknown}
 p - a scroll of enchant weapon {unknown}
Potions
 e - 2 potions of haste {unknown}
 h - a potion of resistance {unknown}
 j - 3 potions of curing {unknown}
 l - a potion of agility {unknown}
 m - a potion of brilliance {unknown}
 q - 4 potions of lignification {unknown}
Comestibles
 f - 3 bread rations
 o - a meat ration


   Skills:
 + Level 2.8 Fighting
 + Level 3.3 Maces & Flails
 - Level 1.7 Throwing
 + Level 1.4 Armour
 - Level 2.6 Dodging


You had 2 spell levels left.
You didn't know any spells.

Dungeon Overview and Level Annotations

Branches:
Dungeon (2/15)

Altars:
Gozag


Innate Abilities, Weirdness & Mutations

You have a pair of small antennae on your head.
You are partially covered in iridescent scales. (AC +2)


Message History

The adder is lightly wounded.
You feel sick. The adder bites you but does no damage.
The adder barely misses you.
Unknown command.
You closely miss the adder.
The adder is lightly wounded.
The adder bites you.
* * * LOW HITPOINT WARNING * * *
The adder bites you.
* * * LOW HITPOINT WARNING * * *
You barely miss the adder.
The adder is lightly wounded.
* * * LOW HITPOINT WARNING * * *
You feel sick. The adder bites you.
* * * LOW HITPOINT WARNING * * *
You are more poisoned.
The adder poisons you!
You miss the adder.
The adder is lightly wounded.
You die...

.....#.......... ................
#.#...................
......##.............. .
####.#...##..........#### .
........................# ..
...#.##.# #.....gg......# ###..
...#.##.########S####...#####....
................@.............###
........[........................
####.##.#.##......###.........##.
.....##.#.##...#..# #............
....###....#...#..# ####......##.
.).........#...#... #......##.
....###....#...#.....# #.........
....# #....#...#..... ####.##.#..
##### #....#...#..... ...........


You could see an adder, a hobgoblin and a goblin.

Vanquished Creatures
  A worm (D:2)
  A dart slug (D:2)
  3 leopard geckos
  4 bats
  A giant cockroach (D:1)
  4 goblins
  4 hobgoblins
  4 jackals (D:1)
  5 kobolds
  2 ball pythons
  7 frilled lizards
  8 rats
44 creatures vanquished.

Notes
Turn   | Place    | Note
-------+----------+-------------------------------------------
     0 | D:1      | FollowTheCloud the Demonspawn Gladiator began the quest for the Orb.
     0 | D:1      | Reached XP level 1. HP: 16/16 MP: 1/1
    96 | D:1      | Gained mutation: You have a pair of small antennae on your head. [demonic ancestry]
    96 | D:1      | Reached XP level 2. HP: 6/22 MP: 2/2
   428 | D:1      | Reached skill level 3 in Maces & Flails
   850 | D:1      | Reached skill level 1 in Armour
   929 | D:1      | Gained mutation: You are partially covered in iridescent scales. (AC +2) [demonic ancestry]
   929 | D:1      | Reached XP level 3. HP: 26/28 MP: 3/3
  1588 | D:2      | Found an opulent altar of Gozag.
  1635 | D:2      | Found a faded altar of an unknown god.
  1869 | D:2      | HP: 1/28 [adder (2)]
  1870 | D:2      | Succumbed to an adder's poison

Skill      XL: |  1  2 |
---------------+-------+-----
Maces & Flails | 3 |  3.3
Armour         | 1 |  1.4
Fighting       | |  2.8
Throwing       | |  1.7
Dodging        | |  2.6

Action                   || total
-------------------------++-------
Melee: Flail             ||   151
  Eat: Chunk             ||     3
Armor: Leather armour    ||    77
Dodge: Dodged            ||   145
